 Dungeon Crawl Stone Soup version 0.29.0-4-gdea44cf6ec (webtiles) character file.

Game seed: 7561763578379453364

3101 qw the Cleaver (level 9, -1/79 HPs)
             Began as a Ghoul Summoner on Sept 9, 2022.
             Slain by a troll (5 damage)
             ... on level 9 of the Dungeon.
             The game lasted 00:03:04 (8468 turns).

qw the Cleaver (Ghoul Summoner)                     Turns: 8468, Time: 00:03:04

Health: -1/79      AC: 15    Str: 16    XL:     9   Next: 90%
Magic:  0/10       EV:  7    Int:  6    God:
Gold:   440        SH:  0    Dex: 15    Spells: 10/11 levels left

rFire   + . .      SeeInvis +   Y - +3 broad axe (vorpal)
rCold   + + +      Faith    .   (no shield)
rNeg    + + +      Spirit   +   t - +0 chain mail
rPois   inf        Reflect  .   d - +0 helmet
rElec   .          Harm     .   c - +2 cloak "Bogruxt" {rC+++ rCorr Int-4 SInv}
rCorr   +          Rampage  .   (no gloves)
Will    .....                   a - +0 pair of boots
Stlth   ..........              h - amulet of guardian spirit
HPRegen 0.00/turn               g - +6 ring of dexterity
MPRegen 0.12/turn               i - ring of fire

@: about to teleport, inhibited regen
A: claws 1, cold resistance 1, negative energy resistance 3, inhibited
regeneration, torment resistance 2, devour on kill
a: no special abilities


You were on level 9 of the Dungeon.
You visited 2 branches of the dungeon, and saw 12 of its levels.

You collected 440 gold pieces.


Innate Abilities, Weirdness & Mutations

You are immune to poison.
You have sharp fingernails.
Your flesh is cold resistant. (rC+)
You are immune to negative energy. (rN+++)
You do not regenerate when monsters are visible.
You are immune to unholy pain and torment.
You thrive by killing the living.


   Skills:
 - Level 7.4 Fighting
 + Level 9.2 Axes
 - Level 1.2 Throwing
 - Level 4.5 Armour
 - Level 2.4 Dodging
 - Level 2.1 Stealth
 - Level 1.7 Spellcasting
 - Level 3.6 Summonings


You had 10 spell levels left.
You knew the following spells:

 Your Spells              Type           Power      Damage    Failure   Level
a - Summon Small Mammal   Summ           16%        N/A       83%         1

Your spell library contained the following spells:

 Spells                   Type           Power      Damage    Failure   Level
 Call Imp                 Summ           4%         N/A       92%         2
 Call Canine Familiar     Summ           4%         N/A       99%         3
 Summon Guardian Golem    Hex/Summ       2%         N/A       100%        3
 Summon Lightning Spire   Summ/Air       2%         N/A       100%        4

Inventory:

Hand Weapons
 m - the +8 hand axe of Aklaek {flame, *Rage Fly rF++}
   (You found it on level 6 of the Dungeon)

   It burns those it strikes, dealing additional fire damage.
   Big, fiery blades are also staple armaments of hydra-hunters.
   rF:        It greatly protects you from fire.
   Fly:       It grants you flight.
   *Rage:     It berserks you when you make melee attacks (+20% chance).
 Y - a +3 vorpal broad axe (weapon)
Armour
 a - a +0 pair of boots (worn)
 c - the +2 cloak "Bogruxt" (worn) {rC+++ rCorr Int-4 SInv}
   (You found it on level 6 of the Dungeon)

   Int:       It affects your intelligence (-4).
   rC:        It renders you almost immune to cold.
   SInv:      It lets you see invisible.
   rCorr:     It protects you from acid and corrosion.
 d - a +0 helmet (worn)
 t - a +0 chain mail (worn)
Jewellery
 g - a +6 ring of dexterity (left claw)
 h - an amulet of guardian spirit (around neck)
 i - a ring of fire (right claw)
 o - a ring of protection from cold
 s - an amulet of the acrobat
Scrolls
 e - 3 scrolls of identify
 q - 2 scrolls of teleportation
Potions
 f - a potion of mutation
 k - 4 potions of curing
 l - 2 potions of resistance
 n - a potion of cancellation
 p - 3 potions of might

Dungeon Overview and Level Annotations

Branches:
Dungeon (11/15)            Temple (1/1) D:5
   Lair: D:8-11         Orc: D:9-12

Altars:
Ashenzari
Cheibriados
Fedhas
Hepliaklqana
Nemelex Xobeh
Sif Muna
Trog
Uskayaw
Vehumet
Wu Jian
Xom


Message History

The troll is heavily wounded.
You slash the wolf! You closely miss the troll.
The wolf bites you but does no damage. The troll bites you but does no damage.
The troll claws you but does no damage. x2; The troll barely misses you.
The troll claws you but does no damage. The troll claws you!
You miss the wolf.
The wolf is severely wounded.
You hit the troll. You slash the troll! The wolf bites you but does no damage.
The troll bites you but does no damage. The troll closely misses you.
The troll barely misses you. The troll bites you but does no damage.
The troll claws you but does no damage. The troll claws you.
The wolf bites you. The hound bites you but does no damage.
You slash the troll!
You kill the troll!
You slash the hound! You hit the wolf. You hit the troll.
The wolf bites you but does no damage. The troll bites you.
The troll claws you but does no damage. x2
The hound bites you but does no damage. The wolf bites you but does no damage.
The troll bites you but does no damage. The troll claws you.
The troll claws you but does no damage.
Your Armour skill increases to level 4!
8466 ||| READING 3 scrolls of teleportation.
As you read the scroll of teleportation, it crumbles to dust.
You feel strangely unstable. The hound closely misses you.
The wolf bites you but does no damage. The hound closely misses you.
The troll bites you. The troll claws you.
The troll claws you but does no damage.
You barely miss the wolf.
The wolf is severely wounded.
You barely miss the hound. You closely miss the troll. The wolf bites you.
The hound bites you but does no damage. The wolf bites you.
The troll bites you but does no damage. The troll barely misses you.
The troll claws you but does no damage. The hound bites you but does no damage.
You closely miss the wolf.
The wolf is severely wounded.
You closely miss the hound. You barely miss the troll.
The wolf barely misses you. The hound bites you but does no damage.
The wolf bites you but does no damage. The troll bites you but does no damage.
The troll claws you!
You die...

...~..~~...~.
............
...........
..........#
..........#
..........+
...)..hT..#
......h@..#
#######+###


You could see a troll, a wolf and a hound.

Vanquished Creatures
  A troll (D:9)
  A hornet (D:8)
  2 wyverns (D:8)
  2 steam dragons (D:7)
  2 water moccasins
  An orc warrior (D:8)
  An ice beast (D:7)
  2 black bears
  An ogre (D:6)
  A centaur (D:4)
  2 phantoms
  3 necrophages
  3 scorpions (D:5)
  2 bullfrogs (D:7)
  3 wights (D:8)
  A howler monkey (D:5)
  7 hounds
  2 jellies
  An orc priest (D:5)
  Jessica (D:2)
  2 orc wizards
  2 iguanas
  3 gnolls (D:5)
  8 adders
  A shadow imp (D:6)
  4 dart slugs (D:4)
  10 orcs
  2 bats
  4 endoplasms
  2 giant cockroaches
  4 hobgoblins
  5 kobolds
  3 quokkas
  6 ball pythons
  A frilled lizard (D:3)
  A goblin (D:4)
  3 rats
100 creatures vanquished.

Vanquished Creatures (collateral kills)
  A dart slug (D:1)
  3 ball pythons
  2 endoplasms
  A goblin (D:1)
  A hobgoblin (D:1)
  2 bats
  4 frilled lizards
  A kobold (D:2)
  2 rats (D:1)
17 creatures vanquished.

Vanquished Creatures (others)
  12 plants (D:5)
  A withered plant (D:8)
13 creatures vanquished.

Grand Total: 130 creatures vanquished

Notes
Turn   | Place    | Note
-------+----------+-------------------------------------------
     0 | D:1      | qw the Ghoul Summoner began the quest for the Orb.
     0 | D:1      | Reached XP level 1. HP: 14/14 MP: 2/2
     0 | D:1      | 0 ||| qw: Version: 0.1-a-113-g051387a
     0 | D:1      | 0 ||| qw: Game counter: 7003
     0 | D:1      | 0 ||| qw: Always use a shield: true
     0 | D:1      | 0 ||| qw: God list: Okawaru
     0 | D:1      | 0 ||| qw: Allow faded altars: false
     0 | D:1      | 0 ||| qw: Do Orc after D:15 true
     0 | D:1      | 0 ||| qw: Do second Lair branch before Depths: true
     0 | D:1      | 0 ||| qw: Lair rune preference: random
     0 | D:1      | 0 ||| qw: Plans: Normal
     0 | D:1      | 0 ||| PLANNING D:1-11
    13 | D:1      | 13 ||| CASTING Summon Small Mammal
    14 | D:1      | 14 ||| CASTING Summon Small Mammal
    99 | D:1      | 99 ||| CASTING Summon Small Mammal
   100 | D:1      | 100 ||| CASTING Summon Small Mammal
   273 | D:1      | 273 ||| CASTING Summon Small Mammal
   274 | D:1      | 274 ||| CASTING Summon Small Mammal
   316 | D:1      | 316 ||| Wielding weapon +0 dagger.
   322 | D:1      | 322 ||| CASTING Summon Small Mammal
   323 | D:1      | 323 ||| CASTING Summon Small Mammal
   358 | D:1      | 358 ||| CASTING Summon Small Mammal
   359 | D:1      | 359 ||| CASTING Summon Small Mammal
   363 | D:1      | Reached skill level 1 in Axes
   396 | D:1      | 396 ||| CASTING Summon Small Mammal
   397 | D:1      | 397 ||| CASTING Summon Small Mammal
   409 | D:1      | 409 ||| CASTING Summon Small Mammal
   410 | D:1      | Reached XP level 2. HP: 15/22 MP: 0/3
   682 | D:1      | 682 ||| CASTING Summon Small Mammal
   683 | D:1      | 683 ||| CASTING Summon Small Mammal
   684 | D:1      | 684 ||| CASTING Summon Small Mammal
   695 | D:1      | 695 ||| CASTING Summon Small Mammal
   705 | D:1      | HP: 3/22 [quokka (4)]
   707 | D:1      | Reached skill level 1 in Fighting
   978 | D:1      | 978 ||| CASTING Summon Small Mammal
   979 | D:1      | 979 ||| CASTING Summon Small Mammal
   980 | D:1      | 980 ||| CASTING Summon Small Mammal
  1019 | D:1      | 1019 ||| Stepping ~*~*~tactically~*~*~ (hiding).
  1121 | D:1      | 1121 ||| CASTING Summon Small Mammal
  1122 | D:1      | 1122 ||| CASTING Summon Small Mammal
  1123 | D:1      | 1123 ||| CASTING Summon Small Mammal
  1236 | D:1      | 1236 ||| CASTING Summon Small Mammal
  1237 | D:1      | 1237 ||| CASTING Summon Small Mammal
  1238 | D:1      | 1238 ||| CASTING Summon Small Mammal
  1276 | D:1      | 1276 ||| CASTING Summon Small Mammal
  1277 | D:1      | 1277 ||| CASTING Summon Small Mammal
  1278 | D:1      | 1278 ||| CASTING Summon Small Mammal
  1314 | D:1      | 1314 ||| SWAPPING to +0 club.
  1315 | D:1      | 1315 ||| DROPPING +0 dagger.
  1319 | D:1      | 1319 ||| CASTING Summon Small Mammal
  1320 | D:1      | 1320 ||| CASTING Summon Small Mammal
  1321 | D:1      | 1321 ||| CASTING Summon Small Mammal
  1374 | D:1      | 1374 ||| CASTING Summon Small Mammal
  1375 | D:1      | 1375 ||| CASTING Summon Small Mammal
  1376 | D:1      | 1376 ||| CASTING Summon Small Mammal
  1478 | D:1      | 1478 ||| UPGRADING to +0 ring mail.
  1488 | D:1      | 1488 ||| DROPPING +0 robe.
  1489 | D:1      | 1489 ||| UPGRADING to amulet of guardian spirit.
  1494 | D:1      | 1494 ||| READING scroll labelled QOALAM MEFOILI.
  1494 | D:1      | Identified a scroll of acquirement
  1494 | D:1      | 1494 ||| ACQUIRING +3 vorpal broad axe
  1494 | D:1      | Acquired a +3 vorpal broad axe
  1496 | D:1      | 1496 ||| SWAPPING to +3 vorpal broad axe.
  1497 | D:1      | 1497 ||| READING scroll labelled RAOSUDENELE.
  1498 | D:1      | 1498 ||| READING 2 scrolls labelled UDUAK JEEB.
  1499 | D:1      | 1499 ||| READING scroll labelled TOANULL QEIQ.
  1500 | D:1      | 1500 ||| READING scroll labelled GEGUZY LECW.
  1501 | D:1      | 1501 ||| READING scroll labelled MUNWAA BUMAKH.
  1502 | D:1      | 1502 ||| DROPPING potion of magic.
  1525 | D:2      | 1525 ||| CASTING Summon Small Mammal
  1547 | D:2      | 1547 ||| DROPPING +0 club.
  1564 | D:2      | 1564 ||| CASTING Summon Small Mammal
  1565 | D:2      | 1565 ||| CASTING Summon Small Mammal
  1599 | D:2      | 1599 ||| CASTING Summon Small Mammal
  1606 | D:2      | 1606 ||| CASTING Summon Small Mammal
  1607 | D:2      | 1607 ||| CASTING Summon Small Mammal
  1617 | D:2      | 1617 ||| Stepping ~*~*~tactically~*~*~ (stealth).
  1628 | D:2      | Reached skill level 2 in Axes
  1628 | D:2      | Reached XP level 3. HP: 26/28 MP: 2/4
  1693 | D:2      | 1693 ||| CASTING Summon Small Mammal
  1694 | D:2      | 1694 ||| CASTING Summon Small Mammal
  1695 | D:2      | 1695 ||| CASTING Summon Small Mammal
  1696 | D:2      | 1696 ||| CASTING Summon Small Mammal
  1748 | D:2      | 1748 ||| Stepping ~*~*~tactically~*~*~ (stealth).
  1750 | D:2      | 1750 ||| Stepping ~*~*~tactically~*~*~ (stealth).
  1767 | D:2      | 1767 ||| CASTING Summon Small Mammal
  1851 | D:2      | 1851 ||| CASTING Summon Small Mammal
  1929 | D:2      | Noticed Jessica
  1930 | D:2      | 1930 ||| CASTING Summon Small Mammal
  1932 | D:2      | Killed Jessica
  1933 | D:2      | Reached XP level 4. HP: 36/36 MP: 3/5
  2014 | D:2      | 2014 ||| CASTING Summon Small Mammal
  2015 | D:2      | 2015 ||| CASTING Summon Small Mammal
  2017 | D:2      | 2017 ||| CASTING Summon Small Mammal
  2085 | D:2      | 2085 ||| CASTING Summon Small Mammal
  2086 | D:2      | 2086 ||| CASTING Summon Small Mammal
  2087 | D:2      | 2087 ||| CASTING Summon Small Mammal
  2088 | D:2      | 2088 ||| CASTING Summon Small Mammal
  2089 | D:2      | 2089 ||| CASTING Summon Small Mammal
  2145 | D:2      | 2145 ||| CASTING Summon Small Mammal
  2146 | D:2      | 2146 ||| CASTING Summon Small Mammal
  2147 | D:2      | 2147 ||| CASTING Summon Small Mammal
  2148 | D:2      | 2148 ||| CASTING Summon Small Mammal
  2149 | D:2      | 2149 ||| CASTING Summon Small Mammal
  2201 | D:2      | 2201 ||| Stepping ~*~*~tactically~*~*~ (stealth).
  2402 | D:2      | 2402 ||| CASTING Summon Small Mammal
  2403 | D:2      | 2403 ||| CASTING Summon Small Mammal
  2489 | D:2      | 2489 ||| CASTING Summon Small Mammal
  2490 | D:2      | 2490 ||| CASTING Summon Small Mammal
  2491 | D:2      | 2491 ||| CASTING Summon Small Mammal
  2540 | D:2      | 2540 ||| CASTING Summon Small Mammal
  2541 | D:2      | 2541 ||| CASTING Summon Small Mammal
  2542 | D:2      | 2542 ||| CASTING Summon Small Mammal
  2543 | D:2      | 2543 ||| CASTING Summon Small Mammal
  2544 | D:2      | 2544 ||| CASTING Summon Small Mammal
  2611 | D:2      | 2611 ||| CASTING Summon Small Mammal
  2612 | D:2      | 2612 ||| CASTING Summon Small Mammal
  2613 | D:2      | 2613 ||| CASTING Summon Small Mammal
  2614 | D:2      | 2614 ||| CASTING Summon Small Mammal
  2615 | D:2      | 2615 ||| CASTING Summon Small Mammal
  2691 | D:2      | 2691 ||| READING scroll labelled MILIDIKOAB.
  2692 | D:2      | 2692 ||| READING scroll labelled NENASO PIFY.
  2697 | D:2      | 2697 ||| DRINKING 2 lumpy puce potions.
  2731 | D:3      | 2731 ||| CASTING Summon Small Mammal
  2732 | D:3      | 2732 ||| CASTING Summon Small Mammal
  2733 | D:3      | 2733 ||| CASTING Summon Small Mammal
  2734 | D:3      | 2734 ||| CASTING Summon Small Mammal
  2735 | D:3      | 2735 ||| CASTING Summon Small Mammal
  2788 | D:3      | 2788 ||| CASTING Summon Small Mammal
  2789 | D:3      | 2789 ||| CASTING Summon Small Mammal
  2790 | D:3      | 2790 ||| CASTING Summon Small Mammal
  2791 | D:3      | 2791 ||| CASTING Summon Small Mammal
  2792 | D:3      | 2792 ||| CASTING Summon Small Mammal
  2849 | D:3      | 2849 ||| CASTING Summon Small Mammal
  2850 | D:3      | 2850 ||| CASTING Summon Small Mammal
  2851 | D:3      | 2851 ||| CASTING Summon Small Mammal
  2852 | D:3      | 2852 ||| CASTING Summon Small Mammal
  2853 | D:3      | 2853 ||| CASTING Summon Small Mammal
  2860 | D:3      | 2860 ||| CASTING Summon Small Mammal
  2866 | D:3      | Reached skill level 3 in Axes
  2920 | D:3      | 2920 ||| CASTING Summon Small Mammal
  2923 | D:3      | 2923 ||| CASTING Summon Small Mammal
  2924 | D:3      | 2924 ||| CASTING Summon Small Mammal
  2925 | D:3      | 2925 ||| CASTING Summon Small Mammal
  2969 | D:3      | 2969 ||| CASTING Summon Small Mammal
  2970 | D:3      | 2970 ||| CASTING Summon Small Mammal
  2971 | D:3      | 2971 ||| CASTING Summon Small Mammal
  2972 | D:3      | 2972 ||| CASTING Summon Small Mammal
  2973 | D:3      | 2973 ||| CASTING Summon Small Mammal
  2980 | D:3      | 2980 ||| CASTING Summon Small Mammal
  3090 | D:3      | 3090 ||| CASTING Summon Small Mammal
  3091 | D:3      | 3091 ||| CASTING Summon Small Mammal
  3285 | D:3      | 3285 ||| CASTING Summon Small Mammal
  3286 | D:3      | 3286 ||| CASTING Summon Small Mammal
  3287 | D:3      | 3287 ||| CASTING Summon Small Mammal
  3288 | D:3      | 3288 ||| CASTING Summon Small Mammal
  3289 | D:3      | 3289 ||| CASTING Summon Small Mammal
  3362 | D:3      | 3362 ||| CASTING Summon Small Mammal
  3366 | D:3      | 3366 ||| CASTING Summon Small Mammal
  3367 | D:3      | 3367 ||| CASTING Summon Small Mammal
  3368 | D:3      | 3368 ||| CASTING Summon Small Mammal
  3468 | D:3      | Found a faded altar of an unknown god.
  3521 | D:3      | 3521 ||| UPGRADING to +0 helmet.
  3526 | D:3      | 3526 ||| UPGRADING to +6 ring of dexterity.
  3527 | D:3      | 3527 ||| UPGRADING to ring of protection from cold.
  3528 | D:3      | 3528 ||| READING scroll labelled WUVINA CET.
  3529 | D:3      | 3529 ||| DRINKING 2 golden potions.
  3530 | D:3      | 3530 ||| DRINKING 2 gluggy clear potions.
  3542 | D:4      | 3542 ||| PLANNING OSSUARY
  3543 | D:4      | 3543 ||| CASTING Summon Small Mammal
  3544 | D:4      | 3544 ||| CASTING Summon Small Mammal
  3545 | D:4      | 3545 ||| CASTING Summon Small Mammal
  3586 | D:4      | 3586 ||| CASTING Summon Small Mammal
  3587 | D:4      | 3587 ||| CASTING Summon Small Mammal
  3588 | D:4      | 3588 ||| Stepping ~*~*~tactically~*~*~ (hiding).
  3589 | D:4      | 3589 ||| CASTING Summon Small Mammal
  3590 | D:4      | 3590 ||| CASTING Summon Small Mammal
  3591 | D:4      | 3591 ||| CASTING Summon Small Mammal
  3596 | D:4      | Reached XP level 5. HP: 35/41 MP: 1/6
  3596 | D:4      | 3596 ||| Stepping ~*~*~tactically~*~*~ (hiding).
  3652 | D:4      | 3652 ||| CASTING Summon Small Mammal
  3653 | D:4      | 3653 ||| CASTING Summon Small Mammal
  3654 | D:4      | 3654 ||| CASTING Summon Small Mammal
  3655 | D:4      | 3655 ||| CASTING Summon Small Mammal
  3699 | D:4      | 3699 ||| CASTING Summon Small Mammal
  3700 | D:4      | 3700 ||| CASTING Summon Small Mammal
  3720 | D:4      | 3720 ||| CASTING Summon Small Mammal
  3721 | D:4      | 3721 ||| CASTING Summon Small Mammal
  3722 | D:4      | 3722 ||| CASTING Summon Small Mammal
  3723 | D:4      | 3723 ||| CASTING Summon Small Mammal
  3724 | D:4      | 3724 ||| CASTING Summon Small Mammal
  3725 | D:4      | 3725 ||| CASTING Summon Small Mammal
  3732 | D:4      | Reached skill level 4 in Axes
  3810 | D:4      | 3810 ||| CASTING Summon Small Mammal
  3811 | D:4      | 3811 ||| CASTING Summon Small Mammal
  3812 | D:4      | 3812 ||| CASTING Summon Small Mammal
  3813 | D:4      | 3813 ||| CASTING Summon Small Mammal
  3814 | D:4      | 3814 ||| CASTING Summon Small Mammal
  3815 | D:4      | 3815 ||| CASTING Summon Small Mammal
  3820 | D:4      | Reached skill level 3 in Fighting
  3820 | D:4      | Reached XP level 6. HP: 36/51 MP: 1/7
  3918 | D:4      | 3918 ||| CASTING Summon Small Mammal
  3919 | D:4      | 3919 ||| CASTING Summon Small Mammal
  3920 | D:4      | 3920 ||| CASTING Summon Small Mammal
  3928 | D:4      | 3928 ||| CASTING Summon Small Mammal
  3929 | D:4      | 3929 ||| CASTING Summon Small Mammal
  3930 | D:4      | 3930 ||| CASTING Summon Small Mammal
  3933 | D:4      | Reached skill level 5 in Axes
  4006 | D:4      | 4006 ||| Stepping ~*~*~tactically~*~*~ (hiding).
  4107 | D:4      | Found a shimmering blue altar of Sif Muna.
  4108 | D:4      | 4108 ||| Stepping ~*~*~tactically~*~*~ (hiding).
  4216 | D:4      | 4216 ||| CASTING Summon Small Mammal
  4217 | D:4      | 4217 ||| CASTING Summon Small Mammal
  4218 | D:4      | 4218 ||| CASTING Summon Small Mammal
  4219 | D:4      | 4219 ||| CASTING Summon Small Mammal
  4220 | D:4      | 4220 ||| CASTING Summon Small Mammal
  4223 | D:4      | 4223 ||| RIP OSSUARY
  4224 | D:4      | 4224 ||| PLANNING D:1-11
  4266 | D:4      | 4266 ||| Stepping ~*~*~tactically~*~*~ (stealth).
  4268 | D:4      | 4268 ||| Stepping ~*~*~tactically~*~*~ (stealth).
  4270 | D:4      | 4270 ||| Stepping ~*~*~tactically~*~*~ (stealth).
  4271 | D:4      | 4271 ||| Stepping ~*~*~tactically~*~*~ (stealth).
  4290 | D:4      | Reached XP level 7. HP: 42/57 MP: 5/8
  4439 | D:4      | 4439 ||| CASTING Summon Small Mammal
  4440 | D:4      | 4440 ||| CASTING Summon Small Mammal
  4441 | D:4      | 4441 ||| CASTING Summon Small Mammal
  4442 | D:4      | 4442 ||| CASTING Summon Small Mammal
  4479 | D:4      | 4479 ||| CASTING Summon Small Mammal
  4480 | D:4      | 4480 ||| CASTING Summon Small Mammal
  4481 | D:4      | 4481 ||| CASTING Summon Small Mammal
  4482 | D:4      | 4482 ||| CASTING Summon Small Mammal
  4483 | D:4      | 4483 ||| CASTING Summon Small Mammal
  4484 | D:4      | 4484 ||| CASTING Summon Small Mammal
  4485 | D:4      | 4485 ||| CASTING Summon Small Mammal
  4486 | D:4      | 4486 ||| CASTING Summon Small Mammal
  4578 | D:4      | 4578 ||| CASTING Summon Small Mammal
  4579 | D:4      | 4579 ||| CASTING Summon Small Mammal
  4619 | D:4      | 4619 ||| Stepping ~*~*~tactically~*~*~ (hiding).
  4771 | D:4      | 4771 ||| CASTING Summon Small Mammal
  4772 | D:4      | 4772 ||| CASTING Summon Small Mammal
  4773 | D:4      | 4773 ||| CASTING Summon Small Mammal
  4774 | D:4      | 4774 ||| CASTING Summon Small Mammal
  4775 | D:4      | 4775 ||| CASTING Summon Small Mammal
  4776 | D:4      | 4776 ||| CASTING Summon Small Mammal
  4777 | D:4      | 4777 ||| CASTING Summon Small Mammal
  4853 | D:4      | 4853 ||| CASTING Summon Small Mammal
  4854 | D:4      | 4854 ||| CASTING Summon Small Mammal
  4855 | D:4      | 4855 ||| CASTING Summon Small Mammal
  4856 | D:4      | 4856 ||| CASTING Summon Small Mammal
  4857 | D:4      | 4857 ||| CASTING Summon Small Mammal
  4858 | D:4      | 4858 ||| CASTING Summon Small Mammal
  4909 | D:4      | 4909 ||| CASTING Summon Small Mammal
  4910 | D:4      | 4910 ||| CASTING Summon Small Mammal
  4911 | D:4      | 4911 ||| CASTING Summon Small Mammal
  4912 | D:4      | 4912 ||| CASTING Summon Small Mammal
  4913 | D:4      | 4913 ||| CASTING Summon Small Mammal
  4914 | D:4      | 4914 ||| CASTING Summon Small Mammal
  4915 | D:4      | 4915 ||| CASTING Summon Small Mammal
  4916 | D:4      | 4916 ||| CASTING Summon Small Mammal
  4918 | D:4      | 4918 ||| CASTING Summon Small Mammal
  5070 | D:4      | Found a broken altar of Ashenzari.
  5191 | D:4      | Found an ornate altar of the Wu Jian Council.
  5196 | D:4      | 5196 ||| UPGRADING to +0 chain mail.
  5206 | D:4      | 5206 ||| DROPPING +0 ring mail.
  5207 | D:4      | 5207 ||| READING scroll labelled NOSHOM IDYDGHUSA.
  5208 | D:4      | 5208 ||| READING scroll labelled DOAWUPIPIJ.
  5209 | D:4      | 5209 ||| DRINKING 2 fuming amethyst potions.
  5210 | D:4      | 5210 ||| READING 3 scrolls of identify.
  5210 | D:4      | 5210 ||| IDENTIFYING pink potion
  5211 | D:4      | 5211 ||| READING 2 scrolls of identify.
  5211 | D:4      | 5211 ||| IDENTIFYING coppery potion
  5212 | D:4      | 5212 ||| DROPPING potion of attraction.
  5213 | D:4      | 5213 ||| DROPPING potion of lignification.
  5214 | D:4      | 5214 ||| DROPPING potion of berserk rage.
  5237 | D:5      | Entered Level 5 of the Dungeon
  5305 | D:5      | Found a staircase to the Ecumenical Temple.
  5306 | D:5      | 5306 ||| PLANNING TEMPLE
  5306 | D:5      | 5306 ||| READING scroll labelled QEUN FUXZIUCW.
  5410 | D:5      | 5410 ||| Stepping ~*~*~tactically~*~*~ (stealth).
  5412 | D:5      | 5412 ||| Stepping ~*~*~tactically~*~*~ (hiding).
  5420 | D:5      | 5420 ||| Stepping ~*~*~tactically~*~*~ (hiding).
  5462 | Temple   | Entered the Ecumenical Temple
  5576 | Temple   | 5576 ||| PLANNING D:1-11
  5656 | D:5      | 5656 ||| DROPPING +0 whip.
  5740 | D:5      | Reached skill level 6 in Axes
  5786 | D:5      | Reached XP level 8. HP: 66/66 MP: 9/9
  5911 | D:5      | Found a blossoming altar of Fedhas.
  5937 | D:5      | 5937 ||| UPGRADING to +0 pair of boots.
  5942 | D:5      | 5942 ||| READING 3 scrolls of identify.
  5942 | D:5      | 5942 ||| IDENTIFYING smoky amethyst potion
  5943 | D:5      | 5943 ||| READING 2 scrolls of identify.
  5943 | D:5      | 5943 ||| IDENTIFYING emerald potion
  5944 | D:5      | 5944 ||| DROPPING potion of degeneration.
  5945 | D:5      | 5945 ||| DROPPING potion of brilliance.
  5971 | D:6      | Reached skill level 7 in Axes
  6008 | D:6      | Identified the +2 cloak "Bogruxt" {rC+++ rCorr Int-4 SInv}
  6333 | D:6      | Found a bloodstained altar of Trog.
  6403 | D:6      | Reached skill level 1 in Throwing
  6505 | D:6      | Found a sparkling altar of Nemelex Xobeh.
  6675 | D:6      | Identified the +8 hand axe of Aklaek {flame, *Rage Fly
                  | rF++}
  6677 | D:6      | 6677 ||| DROPPING +0 flail.
  6737 | D:6      | 6737 ||| UPGRADING to +2 cloak "Bogruxt" {rC+++ rCorr Int-4
                  | SInv}.
  6742 | D:6      | 6742 ||| REMOVING ring of protection from cold.
  6743 | D:6      | 6743 ||| READING scroll labelled EPHAKU CUYCWUPS.
  6744 | D:6      | 6744 ||| READING 3 scrolls of identify.
  6744 | D:6      | 6744 ||| IDENTIFYING murky brown potion
  6745 | D:6      | 6745 ||| READING 2 scrolls of identify.
  6745 | D:6      | 6745 ||| IDENTIFYING fuming brown potion
  6778 | D:7      | Reached skill level 3 in Armour
  6955 | D:7      | 6955 ||| Stepping ~*~*~tactically~*~*~ (stealth).
  7111 | D:7      | 7111 ||| Stepping ~*~*~tactically~*~*~ (stealth).
  7133 | D:7      | Reached skill level 8 in Axes
  7234 | D:7      | Reached XP level 9. HP: 74/74 MP: 8/10
  7303 | D:7      | Reached skill level 6 in Fighting
  7856 | D:7      | 7856 ||| UPGRADING to ring of fire.
  7857 | D:7      | 7857 ||| READING 5 scrolls of identify.
  7857 | D:7      | 7857 ||| IDENTIFYING metallic purple potion
  7858 | D:7      | 7858 ||| READING 4 scrolls of identify.
  7858 | D:7      | 7858 ||| IDENTIFYING dark potion
  7859 | D:7      | 7859 ||| DROPPING potion of invisibility.
  7891 | D:8      | 7891 ||| Stepping ~*~*~tactically~*~*~ (stealth).
  7892 | D:8      | 7892 ||| Stepping ~*~*~tactically~*~*~ (stealth).
  7916 | D:8      | 7916 ||| Stepping ~*~*~tactically~*~*~ (stealth).
  7917 | D:8      | 7917 ||| Stepping ~*~*~tactically~*~*~ (stealth).
  7918 | D:8      | 7918 ||| Stepping ~*~*~tactically~*~*~ (stealth).
  7919 | D:8      | 7919 ||| Stepping ~*~*~tactically~*~*~ (stealth).
  7965 | D:8      | Found a hide-covered altar of Uskayaw.
  8022 | D:8      | 8022 ||| Stepping ~*~*~tactically~*~*~ (stealth).
  8023 | D:8      | Noticed a hornet
  8024 | D:8      | 8024 ||| Stepping ~*~*~tactically~*~*~ (hiding).
  8037 | D:8      | HP: 11/75 [hornet (10)]
  8038 | D:8      | 8038 ||| READING 2 scrolls of teleportation.
  8039 | D:8      | 8039 ||| DRINKING 2 potions of heal wounds.
  8041 | D:8      | 8041 ||| DRINKING potion of heal wounds.
  8042 | D:8      | Killed a hornet
  8043 | D:8      | Reached skill level 9 in Axes
  8163 | D:8      | 8163 ||| Stepping ~*~*~tactically~*~*~ (stealth).
  8357 | D:8      | 8357 ||| Stepping ~*~*~tactically~*~*~ (stealth).
  8362 | D:8      | 8362 ||| Stepping ~*~*~tactically~*~*~ (hiding).
  8364 | D:8      | 8364 ||| Stepping ~*~*~tactically~*~*~ (hiding).
  8441 | D:8      | You fall into a shaft and drop 3 floors!
  8447 | D:10     | Entered Level 10 of the Dungeon
  8451 | D:9      | Noticed a troll
  8453 | D:9      | Noticed a troll
  8465 | D:9      | Killed a troll
  8465 | D:9      | HP: 16/79 [troll (4)]
  8466 | D:9      | 8466 ||| READING 3 scrolls of teleportation.
  8467 | D:9      | HP: 4/79 [wolf (4)]
  8468 | D:9      | Slain by a troll

Levels and vault maps discovered:
D:1:      zelgadis_glass_arrival_small, layout_loops_cross, st_stairs_14
D:2:      layout_loops_ring, uniq_jessica
D:3:      layout_rooms, ebering_ecumenical_altar_mist, roderic_serpentine_path
D:4:      layout_basic, nzn_wu_jian_council_hall, minitemple,
          nicolae_ossuary_entry_ruins, serial_bayou_crossing
D:5:      layout_rooms, fedhas_altar_decomposition, minmay_temple_entry_wispy
D:6:      layout_rooms, nemelex_altar_shiori, trog_book, tso_metal_star
D:7:      layout_gridville
D:8:      layout_rooms, mainiacjoe_overflow_six_doors_small,
          kiku_gazebo_garden_becter, amethyst_overflow_temple_binary,
          lemuel_crystal_altar, nicolae_overflow_hidden_temple
D:9:      layout_basic, chequers_temple_overflow_statue_of_worship,
          erik_lair_island, gammafunk_ghost_wrathful_warriors,
          hangedman_abyss_or_decor_slice, statue_in_the_mist_lemuel
D:10:     layout_irregular_city, erik_orc_2, uniq_lodul, uniq_maurice
D:11:     layout_long_grid, minmay_misc_feat_cross, minivault_20
Temple:   nicolae_temple_superstar

Skill      XL: |  1  2  3  4  5  6  7  8  9 |
---------------+----------------------------+-----
Axes           | 1 2 3 4 5 6 8 9 |  9.2
Fighting       | 1 2 3 4 5 7 |  7.4
Armour         | 2 3 4 |  4.5
Throwing       | 1 |  1.2
Dodging        | 2 |  2.4
Stealth        | |  2.1
Spellcasting   | |  1.7
Summonings     | |  3.6

Action                   |  1- 3 |  4- 6 |  7- 9 || total
-------------------------+-------+-------+-------++-------
Melee: Unarmed           |    12 |       |       ||    12
       Dagger            |    27 |       |       ||    27
       Broad axe         |    27 |    76 |   184 ||   287
       Club              |     2 |       |       ||     2
       Punch             |     1 |       |     2 ||     3
Throw: Boomerang         |       |       |    49 ||    49
 Cast: Summon Small Mamm |    43 |    88 |    30 ||   161
  Use: Scroll            |     6 |     3 |    14 ||    23
       Potion            |       |     3 |     3 ||     6
 Stab: Distracted        |       |     2 |       ||     2
       Sleeping          |       |     1 |       ||     1
Armor: Robe              |     3 |       |       ||     3
       Ring mail         |    16 |    35 |     4 ||    55
       Chain mail        |       |       |   153 ||   153
Dodge: Dodged            |    42 |    35 |    87 ||   164

Table legend:
 A = Non-vault XP
 B = Vault XP
 C = Vault XP percentage of total XP
 D = Non-vault monster count
 E = Vault monster count
 F = Vault count percentage of total count
                 A         B        C        D         E       F
            +---------+---------+-------+---------+---------+-------
      Total |    4080 |     351 |   7.9 |     114 |       3 |   2.6
            +---------+---------+-------+---------+---------+-------
        D:1 |      23 |       2 |   8.0 |      13 |       1 |   7.1
        D:2 |      49 |      37 |  43.0 |      18 |       1 |   5.3
        D:3 |      42 |       0 |   0.0 |      11 |       0 |   0.0
        D:4 |     519 |       0 |   0.0 |      22 |       0 |   0.0
        D:5 |     689 |       0 |   0.0 |      15 |       0 |   0.0
        D:6 |     400 |       0 |   0.0 |       8 |       0 |   0.0
        D:7 |    1098 |       0 |   0.0 |      12 |       0 |   0.0
        D:8 |    1260 |       0 |   0.0 |      15 |       0 |   0.0
        D:9 |       0 |     312 | 100.0 |       0 |       1 | 100.0
            +---------+---------+-------+---------+---------+-------
